 Dungeon Crawl Stone Soup version 0.29.1-2-gbd0b4ee654 (webtiles) character file.

Game seed: 847765686730237760

37 GorkyZ the Shield-Bearer (level 3, 0/29 HPs)
             Began as a Formicid Fighter on Nov 23, 2022.
             Constricted to death by a ball python (1 damage)
             ... on level 2 of the Dungeon.
             The game lasted 00:02:15 (1001 turns).

GorkyZ the Shield-Bearer (Formicid Fighter)         Turns: 1001, Time: 00:02:15

Health: 0/29       AC:  6    Str: 22    XL:     3   Next: 60%
Magic:  3/3        EV:  6    Int:  7    God:
Gold:   24         SH:  5    Dex: 13    Spells: 2/2 levels left

rFire   . . .      SeeInvis +   a - +0 quarterstaff
rCold   . . .      Faith    .   c - +0 buckler
rNeg    . . .      Spirit   .   b - +0 scale mail
rPois   .          Reflect  .   (helmet unavailable)
rElec   .          Harm     .   (no cloak)
rCorr   .          Rampage  .   (no gloves)
Will    .....                   (no boots)
Stlth   ..........              (no amulet)
HPRegen 0.09/turn               (no ring)
MPRegen 0.08/turn               (no ring)

@: constricted
A: permanent stasis, dig shafts and tunnels, antennae 3, four strong arms
a: Dig, Shaft Self


You were on level 2 of the Dungeon.
You visited 1 branch of the dungeon, and saw 2 of its levels.

You collected 24 gold pieces.

Inventory:

Hand Weapons
 a - a +0 quarterstaff (weapon)
Missiles
 h - 4 silver javelins
Armour
 b - a +0 scale mail (worn)
 c - a +0 buckler (worn)
Potions
 d - a potion of might
 e - a potion of curing {unknown}
 f - a potion of ambrosia {unknown}
 g - a potion of mutation {unknown}
 i - a potion of flight {unknown}


   Skills:
 + Level 3.5 Fighting
 + Level 2.2 Staves
 + Level 1.2 Throwing
 + Level 3.4 Armour
 + Level 0.7 Dodging
 + Level 4.2 Shields
 + Level 0.8 Evocations


You had 2 spell levels left.
You didn't know any spells.
Your spell library contained the following spells:

 Spells                   Type           Power      Damage    Failure   Level
 Sandblast                Erth           0%         2d4       83%         1
 Sting                    Tmut/Pois      0%         1d3       83%         1
 Passwall                 Tmut/Erth      0%         N/A       92%         2
 Poisonous Vapours        Pois/Air       0%         N/A       92%         2
 Stone Arrow              Conj/Erth      0%         3d7       99%         3
 Olgreb's Toxic Radiance  Pois           0%         N/A       100%        4


Dungeon Overview and Level Annotations

Branches:
Dungeon (2/15)

Altars:


Innate Abilities, Weirdness & Mutations

You cannot be hasted, slowed, berserked, paralysed or teleported.
You can dig through walls and to a lower floor.
You have a pair of large antennae on your head. (SInv)
Your four strong arms can wield two-handed weapons with a shield.


Message History

A ball python comes into view.
You block the adder's attack.
You are too injured to fight recklessly!
You are too injured to fight recklessly!
You are too injured to fight recklessly!
You are too injured to fight recklessly!
You barely miss the adder.
You feel very sick.
The ball python hisses angrily.
The adder bites you but does no damage.
You barely miss the adder.
* * * LOW HITPOINT WARNING * * *
You feel very sick. You block the adder's attack. The adder barely misses you.
You feel sick.
You see here a +0 dagger.
You miss the adder.
* * * LOW HITPOINT WARNING * * *
You feel sick. The adder bites you but does no damage.
You hit the adder but do no damage.
You feel sick. The adder bites you but does no damage.
You closely miss the adder.
You feel sick. The adder bites you but does no damage.
You block the ball python's attack. The ball python grabs you.
The ball python constricts you. You block the adder's attack.
The ball python bites you but does no damage.
The ball python constricts you.
You hit the adder.
The adder is heavily wounded.
You feel sick. The adder barely misses you. The ball python barely misses you.
The ball python constricts you.
You hit the adder.
The adder is almost dead.
You feel sick.
You are no longer poisoned.
The adder bites you.
* * * LOW HITPOINT WARNING * * *
The ball python bites you but does no damage.
The ball python constricts you.
You die...

#. #. # .. {{ .# #.
############.###
#.##...............
#.#....<.........#
...###.#@.####....##.##
.......SS.# #.##.#
...###)#.## #.##.#
#.#.### #.##.#
#.#....##.##.#
#.####.##.##.# ..
#.##.##.# #. #. #
#.##.##.######. $.
#.#..............


You could see an adder and a ball python.

Vanquished Creatures
  An adder (D:2)
  2 ball pythons (D:1)
  3 endoplasms (D:1)
  A giant cockroach (D:1)
  3 goblins (D:2)
  3 hobgoblins (D:1)
  3 jackals (D:1)
  2 quokkas (D:1)
  3 bats
  4 frilled lizards
  A rat (D:1)
26 creatures vanquished.

Notes
Turn   | Place    | Note
-------+----------+-------------------------------------------
     0 | D:1      | GorkyZ the Formicid Fighter began the quest for the Orb.
     0 | D:1      | Reached XP level 1. HP: 18/18 MP: 1/1
   206 | D:1      | Reached XP level 2. HP: 22/24 MP: 2/2
   423 | D:1      | Found a faded altar of an unknown god.
   572 | D:1      | Reached skill level 1 in Throwing
   663 | D:1      | Reached XP level 3. HP: 29/29 MP: 3/3
   977 | D:2      | Identified the +2 ring mail of Fanaticism {Harm rElec rC-
                  | Str+2}
  1001 | D:2      | HP: 1/29 [adder (1)]
  1001 | D:2      | Constricted to death by a ball python

Illustrated notes

Levels and vault maps discovered:
D:1:      co_arrival_square_in_a_square_in_a_square, layout_loops_ring,
          basic_ecumenical_altar
D:2:      layout_loops_ring, hex_large, uniq_crazy_yiuf_cottage

Skill      XL: |  1  2 |
---------------+-------+-----
Throwing       | 1 |  1.2
Fighting       | |  3.5
Staves         | |  2.2
Armour         | |  3.4
Dodging        | |  0.7
Shields        | |  4.2
Evocations     | |  0.8

Action                   || total
-------------------------++-------
Melee: Quarterstaff      ||    85
Armor: Scale mail        ||    38
Dodge: Dodged            ||    37
Block: Buckler           ||    21
